 Dungeon Crawl Stone Soup version 0.19-a0-1007-g133f65f (webtiles) character file.

4986 mistymad the Fighter (level 10, 0/83 HPs)
             Began as a Formicid Abyssal Knight on July 19, 2016.
             Was an Elder of Lugonu.
             Slain by a killer bee (5 damage)
             ... on level 8 of the Dungeon.
             The game lasted 00:23:31 (10301 turns).

mistymad the Fighter (Formicid Abyssal Knight)     Turns: 10301, Time: 00:23:32

Health: 0/83       AC: 19    Str: 20    XL:     10   Next: 83%
Magic:  11/11      EV:  7    Int: 12    God:    Lugonu [****..]
Gold:   408        SH:  5    Dex: 10    Spells: 0 memorised, 9 levels left

rFire  + . .     SeeInvis +     u - +1 war axe
rCold  + . .     Gourm    .     f - +0 plate armour
rNeg   . . .     Faith    .     v - +0 buckler
rPois  +         Spirit   .     (helmet unavailable)
rElec  +         Dismiss  .     (no cloak)
rCorr  +         Reflect  .     B - +2 pair of gloves
SustAt .         Harm     .     r - +1 pair of boots
MR     +....                    (no amulet)
Stlth  ..........               (no ring)
                                (no ring)

@: lethally poisoned (0 -> -7), resistant, somewhat resistant to hostile
enchantments, extremely unstealthy
A: permanent stasis, dig shafts and tunnels, four strong arms, antennae 3
a: Dig, Shaft Self, Depart the Abyss, Bend Space, Banish, Corrupt, Renounce
Religion


You were on level 8 of the Dungeon.
You worshipped Lugonu.
Lugonu was greatly pleased with you.
You were hungry.

You visited 2 branches of the dungeon, and saw 9 of its levels.
You visited the Abyss 1 time.

You collected 408 gold pieces.

Inventory:

Hand Weapons
 b - a +4 flail of venom
 q - a +2 whip of flaming
 u - a +1 war axe (weapon)
Armour
 f - a +0 plate armour (worn)
 r - a +1 pair of boots (worn)
 v - a +0 buckler (worn)
 B - a +2 pair of gloves (worn)
Wands
 d - a wand of disintegration (8/24)
 j - a wand of lightning (7/15)
 w - a wand of polymorph (15/24)
Scrolls
 e - 4 scrolls of remove curse
 h - 2 scrolls of enchant weapon
Potions
 l - 2 potions of flight
 o - a potion of brilliance
Comestibles
 c - 4 bread rations
 i - 6 meat rations
 s - 3 fruits
 z - a beef jerky


   Skills:
 + Level 9.4 Fighting
 + Level 8.1 Axes
 + Level 9.1 Armour
 - Level 1.0 Dodging
 - Level 7.7 Shields
 - Level 2.2 Invocations


You had 9 spell levels left.
You didn't know any spells.

Dungeon Overview and Level Annotations

Branches:
Dungeon (8/15)             Temple (1/1) D:6            Lair (0/6) D:8

Altars:
Ashenzari
Cheibriados
Dithmenos
Elyvilon
Fedhas
Gozag
Hepliaklqana
Kikubaaqudgha
Makhleb
Nemelex Xobeh
Okawaru
Pakellas
Qazlal
Ru
Sif Muna
Trog
Uskayaw
Vehumet
Xom
Yredelemnul
Zin
The Shining One

Shops:
D:6 %   D:7 }


Innate Abilities, Weirdness & Mutations

You are under a permanent stasis effect.
You can dig through walls and to a lower floor.
Your four strong arms can wield two-handed weapons with a shield.
You have a pair of large antennae on your head. (SInv)


Message History

The killer bee is lightly wounded.
* * * LOW HITPOINT WARNING * * *
You feel sick.
The killer bee stings you but does no damage.
You block the killer bee's attack.
You take 1 damage, and have 7/83 hp.
You miss the killer bee.
The killer bee is lightly wounded.
* * * LOW HITPOINT WARNING * * *
You feel sick.
The killer bee stings you but does no damage.
The killer bee completely misses you.
You take 1 damage, and have 6/83 hp.
You slash the killer bee!
The killer bee is heavily wounded.
* * * LOW HITPOINT WARNING * * *
You feel sick.
The killer bee stings you but does no damage.
The killer bee stings you.
You die...

########## #........#
##.##.....# ##...###...#
##.....##...# ###
#....P..#...# #@##
#.......#...# ##y## .
............# ##.# ##..
............## #.## ##....
....>........#####.##...#..
...........(.##............
......P..........{.s..###..
#.......###............#
#.......# #............#


You could see a killer bee.

Vanquished Creatures
  Pikel (D:7)
  Prince Ribbit (D:5)
  2 wyverns (D:8)
  Grum (D:8)
  Edmund (D:5)
  2 wargs (D:8)
  A water moccasin (D:6)
  3 slaves (D:7)
  A wasp (D:8)
  3 orc warriors
  An eye of draining (D:8)
  4 ice beasts (D:7)
  A necrophage (D:8)
  An ogre (D:6)
  4 wolves (D:8)
  A centaur (D:8)
  A big kobold (D:8)
  A giant frog (D:8)
  A water moccasin zombie (D:5)
  5 scorpions
  4 killer bees (D:8)
  2 howler monkeys
  6 crimson imps
  2 giant frog zombies
  4 hounds
  4 jellies
  A gnoll shaman (D:8)
  5 orc priests
  8 orc wizards
  An iguana (D:8)
  6 worker ants
  A hound skeleton (D:4)
  A worker ant zombie (D:8)
  8 adders
  9 gnolls
  A howler monkey skeleton (D:7)
  An ooze (D:3)
  An adder skeleton (D:5)
  4 worms
  4 giant geckos
  14 orcs
  9 bats
  9 giant cockroaches
  11 goblins
  A hobgoblin (D:1)
  5 jackals
  3 quokkas
  3 ball pythons
  A ball python skeleton (D:4)
  A giant gecko skeleton (D:5)
  4 giant newts
  A jackal skeleton (D:5)
  A jackal zombie (D:5)
  10 kobolds
  2 quokka skeletons
  10 rats
  2 plants (D:5)
196 creatures vanquished.

Notes
Turn   | Place    | Note
-------+----------+-------------------------------------------
     0 | Abyss:1  | mistymad the Formicid Abyssal Knight began the quest for the Orb.
     0 | Abyss:1  | Reached XP level 1. HP: 18/18 MP: 2/2
     0 | D:1      | Escaped the Abyss
    17 | D:1      | Reached skill level 1 in Dodging
   255 | D:1      | Reached * piety under Lugonu
   300 | D:1      | Reached XP level 2. HP: 16/24 MP: 3/3
   699 | D:1      | Reached XP level 3. HP: 22/30 MP: 4/4
  1611 | D:2      | Reached XP level 4. HP: 36/37 MP: 5/5
  1976 | D:2      | Reached ** piety under Lugonu
  2208 | D:3      | Found a hide-covered altar of Uskayaw.
  2428 | D:3      | Found a shattered altar of Ashenzari.
  2486 | D:3      | Found a white marble altar of Elyvilon.
  2533 | D:3      | Reached XP level 5. HP: 43/43 MP: 6/6
  2901 | D:4      | Reached skill level 1 in Shields
  2912 | D:4      | Reached XP level 6. HP: 16/49 MP: 7/7
  3399 | D:4      | Reached skill level 5 in Fighting
  3485 | D:4      | Reached XP level 7. HP: 52/56 MP: 8/8
  3826 | D:5      | Entered Level 5 of the Dungeon
  3859 | D:5      | Noticed Edmund
  3899 | D:5      | Killed Edmund
  4308 | D:5      | Reached *** piety under Lugonu
  4457 | D:5      | Noticed Prince Ribbit
  4775 | D:5      | Reached skill level 5 in Armour
  4775 | D:5      | Reached XP level 8. HP: 43/64 MP: 9/9
  4972 | D:6      | Found a staircase to the Ecumenical Temple.
  4980 | Temple   | Entered the Ecumenical Temple
  5302 | D:6      | Reached skill level 5 in Axes
  5418 | D:6      | Found Qax Sag's Food Boutique.
  5484 | D:6      | Reached skill level 5 in Shields
  6145 | D:6      | Reached XP level 9. HP: 71/71 MP: 10/10
  6326 | D:6      | HP: 3/71 [poisoned by a water moccasin]
  6332 | D:6      | HP: 2/71 [poisoned by a water moccasin]
  6340 | D:6      | HP: 2/71 [poisoned by a water moccasin]
  6928 | D:7      | Reached **** piety under Lugonu
  7156 | D:7      | Noticed Pikel
  7236 | D:7      | Killed Pikel
  7907 | D:7      | Found Tubbagutoh's Gadget Emporium.
  7984 | D:7      | Found a glowing silver altar of Zin.
  8511 | D:5      | Killed Prince Ribbit
  8525 | D:5      | Found a basalt altar of Yredelemnul.
  8552 | D:5      | Reached XP level 10. HP: 71/80 MP: 11/11
  8873 | D:8      | Found a sacrificial altar of Ru.
  9492 | D:8      | Noticed Grum
  9526 | D:8      | Killed Grum
 10185 | D:8      | Found an opulent altar of Gozag.
 10185 | D:8      | Found a shimmering altar of Xom.
 10185 | D:8      | Found a snail-covered altar of Cheibriados.
 10217 | D:8      | Found a staircase to the Lair.
 10301 | D:8      | Slain by a killer bee

Vault maps used:
D:1:      dpeg_arrival_brainrot, minmay_tall_x
D:2:      kennysheep_decorative_pillar
D:3:      lemuel_coloured_pillars_altar, lemuel_crystal_altar, marbit_many_paths
D:4:      first_bread
D:5:      kennysheep_mini, serial_bayou_lagoon_a, uniq_edmund,
          uniq_prince_ribbit1
D:6:      serial_shops, shop
D:7:      zin_scriptorium, serial_shops, nicolae_shop_waterfront, uniq_pikel
D:8:      kennysheep_mini_moat, minitemple, erik_lair_orcish_takeover, uniq_grum
Temple:   oiseaux_autumnal_temple

Skill      XL: |  1  2  3  4  5  6  7  8  9 10 |
---------------+-------------------------------+-----
Dodging        | 1 |  1.0
Fighting       | 4 5 6 8 9 |  9.4
Armour         | 3 4 5 6 7 9 |  9.1
Axes           | 3 4 5 6 8 |  8.1
Shields        | 1 2 4 5 7 |  7.7
Invocations    | |  2.2

Action                   |  1- 3 |  4- 6 |  7- 9 | 10-12 || total
-------------------------+-------+-------+-------+-------++-------
Melee: Hand axe          |   135 |    51 |       |       ||   186
       War axe           |       |   101 |   340 |   276 ||   717
       Flail             |       |       |    63 |     3 ||    66
       Whip              |       |       |    13 |    14 ||    27
Invok: Depart the Abyss  |     1 |       |       |       ||     1
 Abil: Dig               |       |       |     4 |     8 ||    12
  Use: Potion            |       |     1 |     8 |     5 ||    14
       Scroll            |       |    13 |       |     4 ||    17
  Eat: Chunk             |     2 |     7 |     6 |     8 ||    23
       Bread ration      |       |       |     2 |       ||     2
       Fruit             |       |       |     1 |       ||     1
Armor: Leather armour    |    22 |       |       |       ||    22
       Chain mail        |    53 |   127 |   119 |       ||   299
       Skin              |       |       |     6 |       ||     6
       Plate armour      |       |       |   133 |   192 ||   325
Dodge: Dodged            |    74 |    77 |   112 |    94 ||   357
Block: Buckler           |       |    18 |    89 |    84 ||   191
